 Dungeon Crawl Stone Soup version 0.29-a0-88-g03a7b78be7 (webtiles) character file.

Game seed: 5253109175431866865

298 Nelsoonmonsoon the Chopper (level 6, -19/56 HPs)
             Began as a Hill Orc Monk on Feb 6, 2022.
             Was a Believer of Beogh.
             Killed by an exploding iguana (38 damage)
             ... ignited by their inner flame
             ... on level 4 of the Dungeon.
             The game lasted 00:17:38 (2987 turns).

Nelsoonmonsoon the Chopper (Hill Orc Monk)          Turns: 2987, Time: 00:17:38

Health: -19/56     AC: 15    Str: 16    XL:     6   Next: 36%
Magic:  8/8        EV:  1    Int: 10    God:    Beogh [**....]
Gold:   114        SH:  0    Dex: 19    Spells: 5/5 levels left

rFire   . . .      SeeInvis .   m - +0 war axe
rCold   . . .      Faith    .   (no shield)
rNeg    . . .      Spirit   .   t - +0 crystal plate armour
rPois   +          Reflect  .   (no helmet)
rElec   .          Harm     .   B - scarf {+Inv}
rCorr   .          Rampage  .   (no gloves)
Will    .....                   (no boots)
Stlth   ..........              (no amulet)
HPRegen 0.18/turn               j - +6 ring of dexterity
MPRegen 0.11/turn               y - ring of poison resistance

@: no status effects
A: no striking features
a: Renounce Religion, Evoke Invisibility, Smiting


You were on level 4 of the Dungeon.
You worshipped Beogh.
Beogh was pleased with you.
You visited 1 branch of the dungeon, and saw 4 of its levels.

You collected 114 gold pieces.

Inventory:

Hand Weapons
 a - a +0 hand axe
 m - a +0 war axe (weapon)
 w - a +3 spear
Missiles
 e - 73 stones (quivered)
 o - a throwing net
Armour
 b - a +0 robe
 s - a +0 leather armour
 t - a +0 crystal plate armour (worn)
 B - a scarf of invisibility (worn)
Jewellery
 j - a +6 ring of dexterity (left hand)
 y - a ring of poison resistance (right hand)
Scrolls
 c - a scroll of holy word {unknown}
 d - 2 scrolls of amnesia
 f - a scroll of enchant armour {unknown}
 g - a scroll of identify
 h - a scroll of torment {unknown}
 k - a scroll of teleportation {unknown}
 n - a scroll of noise {unknown}
 q - a scroll of fear {unknown}
 v - a scroll of immolation
 A - a scroll of vulnerability {unknown}
Potions
 i - a potion of magic {unknown}
 l - a potion of lignification {unknown}
 p - 3 potions of berserk rage
 r - a potion of flight {unknown}
 u - a potion of haste {unknown}
 x - a potion of curing {unknown}
 z - 2 potions of brilliance {unknown}


   Skills:
 + Level 5.3 Fighting
 + Level 5.8 Axes
 + Level 3.0 Armour
 - Level 2.5 Dodging
 - Level 1.8 Stealth
 + Level 3.0 Invocations


You had 5 spell levels left.
You didn't know any spells.
Your spell library was empty.

Dungeon Overview and Level Annotations

Branches:
Dungeon (4/15)
 Temple: D:4-7

Altars:
Okawaru
Wu Jian


Message History

The ogre hits you with a +0 giant spiked club!
You hit the ogre but do no damage.
The ogre is heavily wounded.
The ogre hits you with a +0 giant spiked club!
* * * LOW HITPOINT WARNING * * *
Unknown command.
You see here a +0 falchion.
An iguana comes into view.
The iguana hisses angrily.
You see here a +0 robe.
There is a stone staircase leading down here.
You can't go up here!
Things that are here:
a +0 dagger; a goblin corpse
Found 26 sling bullets.
Found an iron altar of Okawaru.
You closely miss the iguana. The iguana completely misses you.
As you read the scroll labelled ATOUMYT MEDAUS, it crumbles to dust.
It is a scroll of identify.
p - 3 potions of berserk rage The iguana bites you.
As you read the scroll labelled JEOWA WATU, it crumbles to dust.
The creatures around you are filled with an inner flame!
It was a scroll of immolation.
The iguana bites you but does no damage.
You barely miss the iguana.
The iguana bites you but does no damage.
The iguana bites you but does no damage.
You hit the endoplasm but do no damage. You slash the iguana!
Flame seeps out of the iguana.
The iguana is engulfed in blazing flames.
Beogh accepts your kill.
The iguana explodes!
The fiery explosion engulfs the endoplasm!!
Beogh accepts your kill.
The fiery explosion engulfs the ogre!!!
Beogh accepts your kill. The fiery explosion engulfs you!!!
Ouch! That really hurt!
You die...

...... # #.... #.
#... .##..#######
....#..§§@#
#...#..§○§#
########...#..§§§#
......)....#8#.#8#
... ..
.###.###.#.###.###
.... .. .###.#
#O#.O..(# ....###.
...#.# #.#.#####
....... .#.#.#
#J#.# #....######
.#.### #)#.###
........#


There were no monsters in sight!

Vanquished Creatures
  An ogre (D:4)
  A necrophage (D:4)
  The ghost of belegose the Skirmisher, an amateur DsCA of Ignis (D:3)
  A phantom (D:4)
  A jelly (D:4)
  An iguana (D:4)
  2 adders
  An adder zombie (D:4)
  A dart slug (D:2)
  2 orcs
  6 bats
  7 endoplasms
  5 goblins
  3 hobgoblins
  3 jackals (D:2)
  2 quokkas
  3 ball pythons
  2 frilled lizards (D:1)
  8 kobolds
  3 rats
54 creatures vanquished.

Vanquished Creatures (others)
  A necrophage (D:3)
  2 orcs (D:3)
  An endoplasm (D:3)
  A hobgoblin (D:3)
5 creatures vanquished.

Grand Total: 59 creatures vanquished

Notes
Turn   | Place    | Note
-------+----------+-------------------------------------------
     0 | D:1      | Nelsoonmonsoon the Hill Orc Monk began the quest for the
                  | Orb.
     0 | D:1      | Reached XP level 1. HP: 19/19 MP: 1/1
   175 | D:1      | Reached XP level 2. HP: 18/27 MP: 2/2
   619 | D:1      | Reached XP level 3. HP: 33/33 MP: 3/3
   735 | D:2      | Reached skill level 1 in Armour
  1110 | D:2      | Found an ornate altar of the Wu Jian Council.
  1964 | D:3      | Found a runed translucent gate.
  1965 | D:3      | Found a runed translucent gate.
  1967 | D:3      | Noticed a necrophage
  1969 | D:3      | Found a runed translucent gate.
  1970 | D:3      | Noticed belegose's ghost (amateur DsCA)
  2168 | D:3      | Found a faded altar of an unknown god.
  2264 | D:3      | Became a worshipper of Beogh the Brigand
  2264 | D:3      | Reached * piety under Beogh
  2264 | D:3      | Reached ** piety under Beogh
  2327 | D:3      | Killed a necrophage
  2332 | D:3      | Killed belegose's ghost
  2333 | D:3      | Reached skill level 5 in Axes
  2333 | D:3      | Reached skill level 1 in Invocations
  2333 | D:3      | Reached XP level 4. HP: 37/41 MP: 4/4
  2688 | D:4      | Noticed a phantom
  2702 | D:4      | Killed a phantom
  2703 | D:4      | Reached XP level 5. HP: 36/47 MP: 4/6
  2845 | D:4      | Noticed a necrophage
  2867 | D:4      | Killed a necrophage
  2868 | D:4      | Reached skill level 5 in Fighting
  2868 | D:4      | Reached XP level 6. HP: 39/56 MP: 6/8
  2976 | D:4      | Found an iron altar of Okawaru.
  2987 | D:4      | Killed by an exploding iguana... ignited by their inner
                  | flame

Illustrated notes

Levels and vault maps discovered:
D:1:      minmay_arrival_semitransparent, layout_rooms, minmay_hexomino_u4
D:2:      layout_loops_cross, basic_altar, eino_tiny_chamber,
          hangedman_decor_peaks_small, minmay_misc_feat_x
D:3:      layout_loops_corners, ebering_ecumenical_altar_hall,
          gammafunk_ghost_split
D:4:      layout_basic, mainiacjoe_overflow_alcove_2

Skill      XL: |  1  2  3  4  5  6 |
---------------+-------------------+-----
Fighting       | 4 5 |  5.3
Armour         | 1 2 3 |  3.0
Axes           | 5 |  5.8
Invocations    | 1 2 3 |  3.0
Dodging        | |  2.5
Stealth        | |  1.8

Action                   |  1- 3 |  4- 6 || total
-------------------------+-------+-------++-------
Melee: Hand axe          |    92 |       ||    92
       Punch             |     2 |     1 ||     3
       War axe           |    41 |    68 ||   109
Invok: Convert to Beogh  |     1 |       ||     1
  Use: Scroll            |       |     3 ||     3
 Stab: Sleeping          |     4 |       ||     4
       Distracted        |     1 |       ||     1
Armor: Robe              |    24 |       ||    24
       Crystal plate arm |    29 |    63 ||    92
Dodge: Dodged            |    72 |     2 ||    74

Table legend: (Time is in decaauts)
 A = Elapsed time spent in this place.
 B = Non-inter-level travel time spent in this place.
 C = Inter-level travel time spent in this place.
 D = Time resting spent in this place.
 E = Time spent auto-exploring this place.
 F = Levels seen in this place.
 G = Mean time per level.
                   A        B        C        D        E       F      G
               +--------+--------+--------+--------+--------+-----+--------+
         Total |   3020 |   2676 |    344 |      0 |   1496 |   4 |  755.0 |
       Dungeon |   3020 |   2676 |    344 |      0 |   1496 |   4 |  755.0 |
               +--------+--------+--------+--------+--------+-----+--------+

Top non-repeatable levels by time:
     D:3: 1118 daAuts
     D:2: 855 daAuts
     D:1: 728 daAuts
     D:4: 318 daAuts
